 Dungeon Crawl Stone Soup version 0.30.1 (webtiles) character file.

Game seed: 6058868359108425498

75 Pooter the Chopper (level 4, 0/41 HPs)
             Began as a Minotaur Berserker on July 10, 2023.
             Was a Believer of Trog.
             Slain by a rat (3 damage)
             ... on level 2 of the Dungeon.
             The game lasted 00:06:59 (1226 turns).

Pooter the Chopper (Minotaur Berserker)             Turns: 1226, Time: 00:06:59

Health: 0/41       AC:  6    Str: 24    XL:     4   Next: 11%
Magic:  2/2        EV: 11    Int:  4    God:    Trog [**....]
Gold:   108        SH:  0    Dex:  9    Spells: 3/3 levels left

rFire   . . .        e - +0 quarterstaff
rCold   . . .        (shield currently unavailable)
rNeg    . . .        g - +0 ring mail
rPois   .            (helmet restricted)
rElec   .            d - +0 cloak
rCorr   .            (no gloves)
SInv    .            (no boots)
Will    .....        (no amulet) Stlth
                     (no ring)
HPRegen 0.26/turn    (no ring)
MPRegen 0.08/turn

%: no passive effects
@: no status effects
A: horns 2, retaliatory headbutt, low MP 1
a: Renounce Religion, Berserk, Trog's Hand


You were on level 2 of the Dungeon.
You worshipped Trog.
Trog was pleased with you.
You visited 1 branch of the dungeon, and saw 2 of its levels.

You collected 108 gold pieces.

Inventory:

Hand Weapons
 a - a +0 hand axe
 e - a +0 quarterstaff (weapon)
   (You found it on level 2 of the Dungeon)
Missiles
 Q - 25 stones (quivered)
Armour
 d - a +0 cloak (worn)
   (You found it on level 1 of the Dungeon)
 g - a +0 ring mail (worn)
   (You found it on level 1 of the Dungeon)
Scrolls
 b - a scroll of noise {unknown}
 c - a scroll of teleportation {unknown}
 h - a scroll of vulnerability {!r}
 j - a scroll of silence {unknown}


   Skills:
 + Level 4.5 Fighting
 * Level 5.4 Axes
 - Level 2.4 Armour
 - Level 2.1 Dodging


You had 3 spell levels left.
You didn't know any spells.
Your spell library contained the following spells:

 Spells                   Type           Power      Damage    Failure   Level
 Sting                    Tmut/Pois      0%         1d3       65%         1
 Poisonous Vapours        Pois/Air       0%         N/A       78%         2
 Olgreb's Toxic Radiance  Pois           0%         N/A       100%        4


Dungeon Overview and Level Annotations

Branches:
Dungeon (2/15) Zot: 10760

Altars:

Annotations:
D:2 Sigmund


Innate Abilities, Weirdness & Mutations

You have a pair of horns on your head.
You reflexively headbutt those who attack you in melee.
Your magical capacity is low. (-10% MP)


Message History

The rat barely misses you.
You sock the rat!
You kill the rat!
Trog accepts your kill. 2 gnolls come into view.
The gnoll shouts!
You hear a shout!
The gnoll moves out of view.
A gnoll comes into view. It is wielding a +0 spear.
Okay, then.
You completely miss the gnoll. The gnoll hits you with a +0 club.
You sock the gnoll! The gnoll completely misses you.
The gnoll hits you from afar with a +0 spear.
A worm comes into view.
The gnoll hits you from afar with a +0 spear!
The gnoll hits you from afar with a +0 spear.
The gnoll barely misses you. You furiously retaliate!
You headbutt the gnoll. You hit the gnoll.
You kill the gnoll!
Trog accepts your kill. The gnoll closely misses you.
The gnoll hits you from afar with a +0 spear.
The gnoll hits you with a +0 spear.
A rat comes into view.
The gnoll hits you with a +0 spear.
* * * LOW HITPOINT WARNING * * *
You hit the gnoll. The gnoll hits you with a +0 spear.
* * * LOW HITPOINT WARNING * * *
The gnoll completely misses you.
You hit the gnoll. The gnoll hits you with a +0 spear.
* * * LOW HITPOINT WARNING * * *
The gnoll completely misses you. The gnoll hits you with a +0 spear.
* * * LOW HITPOINT WARNING * * *
The gnoll hits you but does no damage.
You sock the gnoll!
You kill the gnoll!
Trog accepts your kill. The gnoll barely misses you.
You have reached level 4!
You feel stronger.
You thump the gnoll! Your headbutt misses the gnoll.
The gnoll hits you but does no damage. The rat misses you.
The worm bites you but does no damage.
Unknown command.
You hit the gnoll but do no damage. Your headbutt misses the gnoll.
The gnoll hits you but does no damage. The rat bites you.
* * * LOW HITPOINT WARNING * * *
The worm bites you.
* * * LOW HITPOINT WARNING * * *
You closely miss the gnoll. Your headbutt misses the gnoll. The rat bites you.
You die...

#### ...# ##.# .#.######
.††)....################
....#.#..........w......
.#..#...........@g......
.#..##...######.r####...
..........# #..#
.##.##..#.# #..#
..........#####..#.##.
..................>..#
.#####..#.######.###.#
#..#.# #.# #..#.# .#


You could see a worm, a gnoll and a rat.

Vanquished Creatures
  2 gnolls (D:2)
  An adder (D:2)
  A dart slug (D:2)
  8 ball pythons
  5 endoplasms
  3 giant cockroaches
  5 goblins (D:1)
  2 hobgoblins
  5 jackals
  A quokka (D:1)
  A bat (D:2)
  A frilled lizard (D:1)
  5 kobolds
  5 rats
45 creatures vanquished.

Notes
Turn   | Place    | Note
-------+----------+-------------------------------------------
     0 | D:1      | Pooter the Minotaur Berserker began the quest for the Orb.
     0 | D:1      | Reached XP level 1. HP: 19/19 MP: 0/0
     0 | D:1      | magus.rc [v1.11.6]
     2 | D:1      | You add the spells Sting, Poisonous Vapours and Olgreb's
                  | Toxic Radiance to your library.
    32 | D:1      | Reached skill level 4 in Axes
    97 | D:1      | Reached XP level 2. HP: 27/27 MP: 1/1
   310 | D:1      | Reached ** piety under Trog
   729 | D:2      | Noticed Sigmund
   828 | D:2      | Reached XP level 3. HP: 33/33 MP: 2/2
   904 | D:2      | Gained mutation: Your magical capacity is low. (-10% MP)
                  | [potion of mutation]
  1097 | D:2      | Reached skill level 5 in Axes
  1224 | D:2      | Reached XP level 4. HP: 8/41 MP: 2/2
  1225 | D:2      | HP: 2/41 [worm (5)]
  1226 | D:2      | Slain by a rat

Illustrated notes

Levels and vault maps discovered:
D:1:      dpeg_arrival_rooms_with_view, layout_basic, glass_columns_c,
          due_unseen_surprise
D:2:      layout_loops_ring, kennysheep_generic_room_14, uniq_sigmund

Skill      XL: |  1  2  3 |
---------------+----------+-----
Axes           | 4 5 |  5.4
Fighting       | 4 |  4.5
Armour         | |  2.4
Dodging        | |  2.1

Action                     |  1- 3 |  4- 6 || total
---------------------------+-------+-------++-------
  Melee: Hand axe          |    68 |       ||    68
         Headbutt          |    11 |       ||    11
         Quarterstaff      |    22 |     3 ||    25
    Use: Potion            |     3 |       ||     3
         Scroll            |     4 |       ||     4
 Armour: Animal skin       |     2 |       ||     2
         Ring mail         |    39 |     3 ||    42
  Dodge: Dodged            |    61 |     1 ||    62
